AoeStats
← Random

Arena

505106696Analyzed
4v4 RM · 25d ago on Sep 7, 2026· 33m 48s· 8 players
Game mode
Random Map
Map size
Large (8 player)
Population
200
Speed
Normal
Resources
Standard
Victory
Conquest
Starting age
Dark Age
Ending age
Imperial Age
RankedLock teamsTeams togetherTeam positionsShared explorationLock speedFull tech treeHidden civsTurbo modeCheats
Victory
Defeat
🇬🇧 Aztecs · United Kingdom
1807
+9
🇬🇧 Magyars · United Kingdom
1651
+15
🇬🇧 Bengalis · United Kingdom
1564
+18
🇬🇧 Byzantines · United Kingdom
1556
+19
🇧🇪 Khmer · Belgium
1677
-17
🇨🇴 Tatars · Colombia
1645
-16
🇺🇸 Lithuanians · United States
1623
-15
🇺🇸 Berbers · United States
1561
-13
sliu132
10:29 Feudal Age
14:26 Castle Age
13:03 Double-Bit Axe
13:27 Horse Collar
15:15 Heavy Plow
18:04 Loom
22:16 Wheelbarrow
22:45 Gold Mining
22:45 Stone Mining
22:51 Stone Mining
24:06 Hand Cart
26:03 Bow Saw
26:55 Gold Shaft Mining
26:57 Stone Shaft Mining
29:00 Imperial Age
26:16 Town Watch
26:42 Fletching
27:04 Padded Archer Armor
27:53 Ballistics
27:59 Bodkin Arrow
28:13 Thumb Ring
28:20 Bloodlines
28:11 Husbandry
28:58 Leather Archer Armor
30:20 Bracer
31:20 Ring Archer Armor
30:47 Elite Camel Archer
32:34 Maghrebi Camels
32:37 Kasbah
33:37 Conscription
Astronomical
10:48 Feudal Age
15:11 Castle Age
12:59 Double-Bit Axe
13:35 Horse Collar
13:59 Gold Mining
14:06 Stone Mining
15:29 Loom
16:19 Bow Saw
19:38 Fervor
23:40 Forging
24:26 Devotion
24:59 Fortified Wall
24:41 Light Cavalry
25:22 Husbandry
36:24 Imperial Age
33:18 Elite Skirmisher
Random
10:01 Feudal Age
10:21 Feudal Age
14:15 Castle Age
12:10 Horse Collar
13:19 Double-Bit Axe
15:23 Bow Saw
17:02 Heavy Plow
17:06 Town Watch
21:45 Wheelbarrow
23:38 Light Cavalry
24:19 Husbandry
25:45 Forging
30:40 Imperial Age
28:23 Gold Mining
30:10 Fortified Wall
30:22 Scale Barding Armor
31:28 Chain Barding Armor
31:43 Fletching
33:00 Cavalier
33:51 Bloodlines
Chaos
9:08 Feudal Age
12:35 Castle Age
11:08 Double-Bit Axe
12:38 Horse Collar
22:53 Wheelbarrow
27:03 Imperial Age
24:17 Light Cavalry
25:36 Bow Saw
26:50 Forging
29:56 Hand Cart
29:27 Loom
30:43 Fletching
32:50 Elite Ballista Elephant
Reilled
10:32 Feudal Age
14:15 Castle Age
13:45 Double-Bit Axe
13:40 Horse Collar
16:30 Bow Saw
21:50 Gold Mining
26:01 Imperial Age
23:56 Fletching
24:32 Bodkin Arrow
25:15 Ballistics
24:43 Crossbowman
25:49 Loom
26:15 Padded Archer Armor
26:22 Thumb Ring
27:48 Chemistry
27:09 Bracer
27:26 Heavy Plow
28:04 Gold Shaft Mining
29:14 Thumb Ring
28:32 Arbalester
30:06 Wheelbarrow
32:15 Leather Archer Armor
32:45 Thumb Ring
34:30 Hand Cart
Ronnie Hotdogs
10:07 Feudal Age
14:08 Castle Age
12:45 Double-Bit Axe
12:54 Horse Collar
16:40 Bow Saw
18:58 Wheelbarrow
19:33 Heavy Plow
22:34 Hand Cart
24:50 Gold Mining
28:24 Imperial Age
26:01 Scale Barding Armor
26:56 Gold Shaft Mining
27:06 Bloodlines
27:05 Husbandry
28:12 Chain Barding Armor
29:45 Plate Barding Armor
28:41 Cavalier
30:05 Paladin
32:08 Conscription
33:14 Crop Rotation
33:47 Masonry
SapientFez
10:19 Feudal Age
14:21 Castle Age
12:45 Double-Bit Axe
13:07 Horse Collar
15:23 Bow Saw
19:06 Gold Mining
21:28 Wheelbarrow
23:20 Hand Cart
23:27 Heavy Plow
23:30 Town Watch
23:34 Loom
27:50 Imperial Age
25:47 Fletching
25:45 Town Watch
25:59 Stone Mining
26:36 Bodkin Arrow
27:32 Padded Archer Armor
28:46 Ballistics
28:43 Bracer
29:46 Chemistry
28:10 Elite Elephant Archer
29:23 Conscription
29:52 Leather Archer Armor
30:29 Paiks
31:51 Ring Archer Armor
32:23 Mahayana
33:03 Coinage
34:16 Banking
theMole
12:09 Feudal Age
15:45 Castle Age
21:00 Imperial Age
20:06 Sanctity
22:09 Block Printing
23:00 Theocracy
23:27 Illumination
23:58 Fervor
28:42 Double-Bit Axe
32:14 Atonement
33:22 Horse Collar
Connection lost

Rejoining the realm…

Still unreachable

The connection could not be restored.

Session expired

The server has moved on; the page needs a fresh start.